Map: Arctic Dream LE

Players

SIaIZIa

  • Race: Zerg Zerg
  • League: Diamond
  • Spawn Location: 6:00

Yabodya

  • Race: Protoss Protoss
  • League: Gold
  • Spawn Location: 5:00

qqq - Winner!

  • Race: Zerg Zerg
  • League: Platinum
  • Spawn Location: 11:00

Massa - Winner!

  • Race: Terran Terran
  • League: Gold
  • Spawn Location: 12:00

VOD

Have the link to the VOD?

Description

Time

  • Played on: May 31, 2020, 9:38 a.m.
  • Length: 8:38
Show
View Real Time Build Order
Export as new Build Order

SIaIZIa Zerg 

Build Orders: Hatch First 

Get SALT Encoding   

  12  0:01  Drone  
  13  0:08  Drone  
  14  0:16  Overlord  
  15  0:35  Drone x2  
  15  0:36  Drone  
  17  0:54  Hatchery  
  16  1:01  Drone x2  
  18  1:15  Extractor  
  18  1:18  Drone, Spawning Pool  
  17  1:20  Drone  
  18  1:32  Drone  
  19  1:44  Overlord  
  19  1:52  Drone  
  20  2:01  Drone  
  21  2:10  Drone  
  22  2:16  Drone  
  22  2:18  Queen x2  
  22  2:19  Drone  
  28  2:29  Zergling x4  
  30  2:37  Overlord  
  30  2:41  Metabolic Boost  
  30  2:43  Drone  
  31  2:44  Drone  
  32  2:51  Drone  
  33  3:01  Drone  
  33  3:02  Drone, Hatchery  
  34  3:06  Drone  
  34  3:08  Queen  
  34  3:11  Drone  
  38  3:17  Drone  
  37  3:28  Zergling x8  
  41  3:36  Baneling Nest  
  41  3:37  Zergling x6  
  41  3:38  Zergling x2  
  44  3:41  Spine Crawler  
  44  3:43  Spine Crawler  
  44  3:46  Zergling x2  
  44  3:47  Overlord  
  44  3:53  Spine Crawler  
  44  3:54  Zergling x2  
  44  4:05  Queen x2  
  44  4:09  Zergling x2  
  52  4:10  Zergling x2  
  52  4:25  Overlord x3  
  42  4:32  Extractor  
  42  4:33  Zergling x8  
  42  4:37  Baneling  
  42  4:38  Baneling x2  
  45  4:41  Baneling  
  45  4:42  Zergling x2  
  46  4:47  Zergling x2  
  46  4:48  Zergling x6  
  45  4:53  Zergling x2  
  45  4:57  Zergling x2  
  40  5:04  Zergling x2  
  40  5:07  Queen  
  40  5:09  Baneling x2  
  40  5:10  Baneling x2  
  40  5:13  Zergling x6  
  46  5:16  Zergling x4  
  46  5:19  Zergling x2  
  25  5:35  Zergling x2  
  25  5:40  Hatchery  
  18  5:55  Queen  
  19  5:57  Spine Crawler  
  19  6:00  Zergling x2  
  19  6:01  Zergling x4  
  20  6:14  Zergling x2  
  20  6:15  Zergling x2  
  20  6:21  Zergling x2  
  20  6:22  Zergling x4  
  18  6:28  Zergling x2  
  18  6:31  Queen  
  18  6:41  Zergling x2  
  5  7:09  Drone  
Show
View Real Time Build Order
Export as new Build Order

Yabodya Protoss 

Build Orders: 1 Gate Expand 

Get SALT Encoding   

  12  0:01  Probe  
  13  0:13  Probe  
  14  0:19  Pylon  
  14  0:25  Probe  
  15  0:38  Gateway  
  15  0:40  Probe (Chrono Boost)  
  16  0:49  Probe (Chrono Boost), Assimilator  
  17  0:54  Probe (Chrono Boost)  
  18  1:06  Probe  
  19  1:18  Probe  
  20  1:32  Probe  
  20  1:33  Assimilator  
  21  1:42  Nexus  
  21  1:45  Probe  
  22  1:52  Cybernetics Core  
  22  1:57  Probe  
  23  2:03  Pylon  
  22  2:14  Probe  
  23  2:28  Warp Gate (Chrono Boost)  
  23  2:33  Stalker  
  25  2:45  Gateway  
  25  2:46  Gateway  
  25  2:47  Probe (Chrono Boost)  
  26  2:57  Probe (Chrono Boost)  
  27  3:02  Probe (Chrono Boost)  
  27  3:03  Adept  
  30  3:13  Twilight Council  
  30  3:15  Probe (Chrono Boost)  
  30  3:16  Probe (Chrono Boost)  
  32  3:26  Probe x2 (Chrono Boost)  
  34  3:36  Shield Battery  
  34  3:39  Shield Battery  
  34  3:40  Shield Battery  
  34  3:42  Pylon  
  34  4:09  Stalker x2  
  38  4:10  Adept  
  38  4:13  Probe x2  
  42  4:25  Probe  
  43  4:31  Adept  
  43  4:32  Adept x2  
  37  5:07  Stalker  
  37  5:08  Stalker x2  
  39  5:27  Gateway  
  39  5:29  Gateway  
  39  5:31  Gateway  
  39  5:41  Probe x2  
  41  5:47  Stalker x3  
  43  6:22  Adept x3  
  43  6:23  Adept x2  
  52  6:27  Probe  
  52  6:28  Probe  
  46  6:42  Adept  
  48  6:53  Stalker x3  
  54  7:00  Pylon  
  54  7:01  Pylon  
  50  7:15  Stalker x3  
  54  7:18  Stalker x2  
  54  7:19  Stalker  
  54  7:21  Gateway  
  60  7:23  Gateway  
  60  7:25  Gateway  
  60  7:26  Gateway  
  58  7:38  Adept  
  58  7:39  Adept x2  
  64  7:46  Pylon  
  64  7:47  Adept x3  
  64  7:48  Pylon  
  64  7:49  Pylon  
  50  8:11  Stalker x2  
  50  8:12  Stalker x3  
  54  8:13  Stalker  
  54  8:15  Stalker  
  54  8:17  Stalker  
  58  8:24  Stalker x2  
Show
View Real Time Build Order
Export as new Build Order

qqq Zerg - Winner!

Build Orders: Hatch First 

Get SALT Encoding   

  12  0:02  Drone  
  13  0:08  Drone  
  14  0:36  Hatchery  
  13  0:51  Spawning Pool  
  12  0:59  Overlord  
  12  1:03  Drone  
  13  1:07  Drone  
  14  1:18  Drone  
  15  1:24  Drone  
  16  1:40  Roach Warren, Queen  
  16  1:43  Extractor  
  16  1:49  Drone  
  16  1:52  Overlord  
  17  1:56  Drone  
  17  2:00  Drone  
  19  2:03  Drone  
  20  2:19  Roach  
  22  2:27  Roach  
  22  2:29  Drone x2  
  26  2:32  Extractor, Zergling x2  
  26  2:33  Zergling x2  
  27  2:38  Roach  
  29  2:44  Drone  
  29  2:48  Roach  
  32  2:55  Roach  
  34  2:59  Drone  
  34  3:02  Drone  
  36  3:05  Overlord  
  36  3:14  Overlord  
  36  3:32  Roach x2  
  36  3:33  Roach x2  
  44  3:35  Drone  
  45  3:43  Roach  
  47  3:49  Lair  
  47  3:58  Roach  
  47  4:02  Drone  
  50  4:03  Drone  
  50  4:06  Overlord  
  49  4:25  Roach x4  
  57  4:38  Roach  
  59  4:39  Overlord x2  
  57  5:03  Roach x3  
  57  5:04  Roach x3  
  69  5:25  Roach x3  
  59  6:03  Roach x3  
  59  6:04  Roach x3  
  69  6:05  Roach x3  
  73  6:22  Roach  
  69  6:35  Roach  
  69  6:38  Drone, Queen  
  69  6:39  Drone x2  
  76  6:40  Overlord  
  76  7:18  Roach x4  
  76  7:19  Overlord x3  
  84  7:29  Overlord x2  
  84  7:50  Hatchery, Roach x2  
  87  7:51  Roach  
  87  7:52  Roach  
Show
View Real Time Build Order
Export as new Build Order

Massa Terran - Winner!

Build Orders:  

Get SALT Encoding   

  12  0:12  Supply Depot  
  12  0:13  SCV  
  13  0:25  SCV  
  14  0:35  Barracks  
  14  0:39  SCV  
  15  0:51  SCV  
  16  1:04  SCV  
  17  1:16  SCV  
  17  1:17  Supply Depot  
  18  1:21  Barracks  
  18  1:24  Barracks  
  18  1:28  Marine  
  19  1:35  SCV  
  20  1:48  Marine  
  21  1:54  Barracks  
  21  1:56  SCV  
  22  2:06  Marine  
  23  2:11  Marine  
  23  2:12  Marine  
  25  2:17  Refinery  
  25  2:23  Marine  
  25  2:29  Marine  
  27  2:31  Supply Depot  
  27  2:33  Supply Depot  
  27  2:35  Marine  
  28  2:41  Marine  
  28  2:44  Marine  
  29  2:47  Marine  
  31  2:53  Marine  
  32  2:59  Marine  
  32  3:02  Orbital Command, Marine  
  32  3:05  Marine  
  35  3:11  Marine  
  36  3:15  Supply Depot  
  36  3:19  Marine  
  37  3:27  Marine x2  
  39  3:36  Marine  
  39  3:37  Marine  
  41  3:45  Marine x2  
  43  3:54  Marine  
  43  3:55  Marine  
  44  3:58  Factory  
  45  4:03  Marine  
  45  4:04  Marine  
  47  4:11  Marine  
  47  4:13  Marine  
  49  4:34  Marine x4  
  52  4:52  Marine x4  
  46  5:03  Factory Tech Lab  
  46  5:09  Marine  
  46  5:10  Marine x3  
  40  5:32  Marine x4  
  39  5:49  Marine  
  39  5:50  Marine x3, Siege Tank  
  46  6:05  Command Center  
  46  6:07  Marine  
  46  6:08  Marine x3  
  50  6:22  Siege Tank  
  50  6:25  Marine  
  54  6:29  Marine  
  54  6:31  Marine  
  55  6:32  Marine  
  53  6:43  Marine  
  53  6:46  Marine  
  55  7:03  Marine x2  
  55  7:04  SCV  
  55  7:08  Marine  
  55  7:11  Marine  
  55  7:16  SCV, Siege Tank  
  55  7:19  Supply Depot  
  55  7:21  Marine x2  
  61  7:26  Marine  
  61  7:28  Marine  
  60  7:39  Marine x2  
  60  7:41  SCV, Supply Depot  
  63  7:44  SCV, Marine  
  63  7:46  Marine  
  63  7:48  Siege Tank  
  69  7:53  SCV  
  69  7:57  Marine x2  
  72  8:02  Marine  
  72  8:05  SCV  
  68  8:17  SCV  
Tags
 
Add a new tag
Caveats
  • Supply blocks, unpowered buildings, or Contaminate may cause inaccurate times.
  • Supply counts are checked every 10 seconds.